 Dungeon Crawl Stone Soup version 0.29-a0-25-g7f48f510a0 (webtiles) character file.

Game seed: 16645071138474069860

15 ZILOT the Skirmisher (level 2, 0/25 HPs)
             Began as a Djinni Cinder Acolyte on Jan 31, 2022.
             Slain by a frilled lizard (3 damage)
             ... on level 1 of the Dungeon.
             The game lasted 00:03:38 (469 turns).

ZILOT the Skirmisher (Djinni Cinder Acolyte)         Turns: 469, Time: 00:03:39

Health: 0/25       AC:  2    Str: 13    XL:     2   Next: 65%
Gold:   37         EV: 11    Int: 15    God:
                   SH:  0    Dex:  8

rFire   . . .      SeeInvis .   a - -1 falchion (flame)
rCold   x . .      Faith    .   (no shield)
rNeg    . . .      Spirit   .   b - +0 robe
rPois   ∞          Reflect  .   (no helmet)
rElec   .          Harm     .   (no cloak)
rCorr   .          Rampage  .   (no gloves)
Will    .....                   (boots unavailable)
Stlth   +.........              (no amulet)
HPRegen 0.08/turn               (no ring)
MPRegen 0.00/turn               (no ring)

@: flying, fire susceptible
A: sickness immunity, fire resistance 2, cold vulnerability 1, float, innate
caster, HP casting, extra vitality 1
a: no special abilities


You were on level 1 of the Dungeon.
You visited 1 branch of the dungeon, and saw 2 of its levels.

You collected 37 gold pieces.

Inventory:

Hand Weapons
 a - a -1 falchion of flaming (weapon)
Armour
 b - a +0 robe (worn)
Scrolls
 c - a scroll of fog {unknown}
Potions
 d - a potion of brilliance {unknown}


   Skills:
 + Level 3.2 Fighting
 + Level 2.9 Long Blades
 + Level 2.7 Spellcasting


You had 4 spell levels left.
You knew the following spells:

 Your Spells              Type           Power      Damage    Failure   Level
a - Scorch                Fire           20%        2d6       11%         2
Your spell library was empty.

Dungeon Overview and Level Annotations

Branches:
Dungeon (2/15)

Altars:


Innate Abilities, Weirdness & Mutations

You are immune to sickness and miasma.
You are immune to poison.
Your flesh is very heat resistant. (rF++)
You are vulnerable to cold. (rC-)
You float through the air rather than walking.
You learn spells naturally, not from books.
Your magical power is your life essence.
You have superior vitality. (+4 MHP)


Message History

The frilled lizard barely misses you. The frilled lizard bites you.
The frilled lizard closely misses you.
A jackal comes into view.
The jackal barks! x2; You hear a bark!
The frilled lizard barely misses you.
A jackal comes into view.
The frilled lizard closely misses you.
A jackal comes into view.
The frilled lizard closely misses you. The jackal barely misses you.
The frilled lizard barely misses you. The jackal barely misses you.
The jackal barks!
The jackal bites you. The frilled lizard bites you.
The jackal bites you but does no damage.
The jackal bites you. The jackal barely misses you.
The frilled lizard closely misses you. The jackal bites you.
The jackal misses you. The frilled lizard barely misses you.
The jackal barely misses you. x2
The jackal bites you. The jackal closely misses you. The jackal bites you.
* * * LOW HITPOINT WARNING * * *
The frilled lizard closely misses you. The jackal bites you.
* * * LOW HITPOINT WARNING * * *
The jackal closely misses you. The jackal barely misses you.
The frilled lizard closely misses you.
The jackal bites you but does no damage.
The jackal barely misses you. x3; The frilled lizard barely misses you.
The jackal bites you but does no damage.
The jackal completely misses you. The jackal closely misses you.
A gnoll comes into view. It is wielding a +0 spear.
The jackal bites you.
* * * LOW HITPOINT WARNING * * *
The jackal bites you.
* * * LOW HITPOINT WARNING * * *
The frilled lizard closely misses you. The jackal misses you.
The gnoll shouts!
The jackal closely misses you. The frilled lizard bites you.
You die...

..... #..... ## .....####.... #
..g........# ...# #
..........)#####.#. #
#........##......# #
#........##.##.#.# ##.#
#........##.##.#.# #... .
#..............#.# #...
....#####....h@........#.# #...
............$lh#.......#.###...
.............hh####.##.#...#≈≈P
####...........# #..........≈≈≈
#.......!...# #..##.###.#≈≈♣
#...........# #.........#♣≈.
#...........+ #...#.###.#.##
.............# #...........#.
....####...### #..###....#.#.


You could see a gnoll, 4 jackals and a frilled lizard.

Vanquished Creatures
  5 endoplasms (D:1)
  2 goblins (D:1)
  A hobgoblin (D:1)
  A quokka (D:1)
  A ball python (D:1)
  A frilled lizard (D:1)
  A kobold (D:1)
  A rat (D:1)
13 creatures vanquished.

Vanquished Creatures (others)
  79 foxfires (D:1)
79 creatures vanquished.

Grand Total: 92 creatures vanquished

Notes
Turn   | Place    | Note
-------+----------+-------------------------------------------
     0 | D:1      | ZILOT the Djinni Cinder Acolyte began the quest for the
                  | Orb.
     0 | D:1      | Reached XP level 1. HP: 20/20 MP: 0/0
    93 | D:1      | Reached XP level 2. HP: 22/25 MP: 0/0
   108 | D:1      | Fell from the grace of Ignis
   469 | D:1      | Slain by a frilled lizard

Illustrated notes

Levels and vault maps discovered:
D:1:      lightli_arrival_lavapool, layout_basic, serial_bayou_pond_d
D:2:      cheibrodos_fertilizer, layout_rooms, ebering_ecumenical_altar_rust,
          serial_shops, shop_statue, uniq_robin

Action                   || total
-------------------------++-------
Melee: Falchion          ||    26
Invok: Foxfire Swarm     ||     7
       Fiery Armour      ||     2
       Rising Flame      ||     1
       Renounce Religion ||     1
Armor: Robe              ||    12
Dodge: Dodged            ||    48

Table legend: (Time is in decaauts)
 A = Elapsed time spent in this place.
 B = Non-inter-level travel time spent in this place.
 C = Inter-level travel time spent in this place.
 D = Time resting spent in this place.
 E = Time spent auto-exploring this place.
 F = Levels seen in this place.
 G = Mean time per level.
                   A        B        C        D        E       F      G
               +--------+--------+--------+--------+--------+-----+--------+
         Total |    473 |    473 |      0 |      0 |    245 |   2 |  236.5 |
       Dungeon |    473 |    473 |      0 |      0 |    245 |   2 |  236.5 |
               +--------+--------+--------+--------+--------+-----+--------+

Top non-repeatable levels by time:
     D:1: 470 daAuts
     D:2: 2 daAuts
